 Dungeon Crawl Stone Soup version 0.19.0-24-gb05acd6 (webtiles) character file.

143 grisgris the Sneak (level 5, -3/35 HPs)
             Began as a Vampire Enchanter on Nov 20, 2016.
             Was an Initiate of Sif Muna.
             Slain by a phantom (4 damage)
             ... on level 4 of the Dungeon.
             The game lasted 00:08:09 (3262 turns).

grisgris the Sneak (Vampire Enchanter)              Turns: 3262, Time: 00:08:09

Health: -3/35      AC:  4    Str:  7    XL:     5   Next: 4%
Magic:  2/9        EV: 13    Int: 19    God:    Sif Muna [......]
Gold:   123        SH:  0    Dex: 14    Spells: 3 memorised, 3 levels left

rFire  + . .     SeeInvis +     a - +1 dagger
rCold  + + +     Gourm    .     b - +1 robe
rNeg   + + +     Faith    .     (no shield)
rPois  ∞         Spirit   .     (no helmet)
rElec  .         Reflect  .     (no cloak)
rCorr  .         Harm     .     d - +0 pair of gloves
MR     .....                    (no boots)
Stlth  +++++.....               (no amulet)
                                i - ring of protection from cold
                                n - ring of protection from fire

@: very slightly contaminated, bloodless, non-regenerating
A: fangs 3, see invisible, unbreathing
a: Bat Form, Renounce Religion


You were on level 4 of the Dungeon.
You worshipped Sif Muna.
Sif Muna was noncommittal.
You were bloodless.

You visited 2 branches of the dungeon, and saw 5 of its levels.
You also visited: Ossuary.

You collected 123 gold pieces.

Inventory:

Hand Weapons
 a - a +1 dagger (weapon)
Armour
 b - a +1 robe (worn)
 d - a +0 pair of gloves (worn)
Jewellery
 i - a ring of protection from cold (right hand)
 n - a ring of protection from fire (left hand)
Scrolls
 e - 3 scrolls of amnesia {unknown}
 f - 3 scrolls of identify {unknown}
 g - 2 scrolls of fear {unknown}
 h - a scroll of noise {unknown}
 j - 2 scrolls of immolation {unknown}
 l - a scroll of magic mapping {unknown}
 m - a scroll of remove curse {unknown}
 o - a scroll of fog {unknown}
Books
 c - a book of Maledictions

   Spells                             Type                      Level
   a - Corona                         Hexes                        1
   b - Ensorcelled Hibernation        Hexes/Ice                    2
   c - Confuse                        Hexes                        3
   d - Tukima's Dance                 Hexes                        3
   e - Dazzling Spray                 Conjuration/Hexes            3


   Skills:
 + Level 0.1 Fighting
 + Level 1.5 Short Blades
 + Level 2.7 Dodging
 + Level 6.2 Stealth
 + Level 2.7 Spellcasting
 + Level 5.6 Hexes
 + Level 0.8 Ice Magic


You had 3 spell levels left.
You knew the following spells:

 Your Spells              Type           Power        Failure   Level  Hunger
a - Ensorcelled Hibernat  Hex/Ice        ##....       10%         2    ##.....
b - Confuse               Hex            ###.....     6%          3    ###....
c - Corona                Hex            ###....      1%          1    None


Dungeon Overview and Level Annotations

Branches:
Dungeon (4/15)             Temple (1/1) D:4

Altars:
Ashenzari
Dithmenos
Elyvilon
Fedhas
Gozag
Hepliaklqana
Kikubaaqudgha
Nemelex Xobeh
Ru
Sif Muna
Xom
Yredelemnul
Zin
The Shining One


Innate Abilities, Weirdness & Mutations

You do not heal naturally.
You are immune to poison.
You have razor-sharp teeth.
You have supernaturally acute eyesight. (SInv)
You can survive without breathing.


Message History

You hit the phantom.
The phantom is lightly damaged.
You catch the helpless phantom completely off-guard!
You puncture the phantom! You bite the phantom.
The phantom is severely damaged.
The phantom seems less confused.
The phantom barely misses you.
You closely miss the phantom.
The phantom is severely damaged.
The phantom hits you but does no damage.
You miss the phantom.
The phantom is severely damaged.
The phantom hits you!
* * * LOW HITPOINT WARNING * * *
Casting: Confuse
Confirm with . or Enter, or press ? or * to list all spells.
Aiming: Confuse
Press: ? - help, Shift-Dir - straight line, f/p - phantom
Aim: a phantom (severely damaged, chance to defeat MR: 36%)
The phantom easily resists.
The phantom hits you.
You die...

...........#.....#
...........#.....#
#########'##.....#
.................# ...
.................# ......
........#........# .......
.......###.......# #.......
......##.##......#####......
...#.##...##.##.@W........#
...#..##.#'......#........#
...+...###.......#........#
...#(...#........#........#
...#.............#........#
...######...##.###........#
#+##...#######.#......#####
#......#.......#......#...#
#......#.......#......#...#


You could see a phantom.

Vanquished Creatures
  A worker ant (D:4)
  3 adders
  A gnoll (D:1)
  2 oozes
  3 worms
  2 dart slugs (D:1)
  2 leopard geckos
  An orc (D:3)
  2 giant cockroaches (D:3)
  4 hobgoblins
  2 quokkas (D:2)
  4 ball pythons
  7 bats
  4 frilled lizards
  5 goblins
  5 kobolds
  22 rats
70 creatures vanquished.

Notes
Turn   | Place    | Note
-------+----------+-------------------------------------------
     0 | D:1      | grisgris the Vampire Enchanter began the quest for the Orb.
     0 | D:1      | Reached XP level 1. HP: 13/13 MP: 3/3
   224 | D:1      | Reached XP level 2. HP: 17/19 MP: 3/5
   228 | D:1      | Learned a level 2 spell: Ensorcelled Hibernation
   552 | D:1      | Reached skill level 5 in Hexes
   708 | D:1      | Reached skill level 5 in Stealth
   708 | D:1      | Reached XP level 3. HP: 24/24 MP: 3/6
  1599 | D:2      | Reached XP level 4. HP: 26/30 MP: 1/7
  2033 | D:3      | Found a faded altar of an unknown god.
  2231 | D:3      | Reached skill level 6 in Stealth
  2656 | D:3      | Learned a level 3 spell: Confuse
  2727 | D:4      | Found a sand-covered staircase.
  2732 | Ossuary  | Entered an ossuary
  3090 | D:4      | Noticed a phantom
  3179 | D:4      | Found a staircase to the Ecumenical Temple.
  3181 | D:4      | Reached XP level 5. HP: 8/35 MP: 9/9
  3189 | Temple   | Entered the Ecumenical Temple
  3192 | Temple   | Became a worshipper of Sif Muna the Loreminder
  3261 | D:4      | HP: 1/35 [phantom (7)]
  3262 | D:4      | Slain by a phantom

Skill      XL: |  1  2  3  4 |
---------------+-------------+-----
Hexes          | 5 |  5.6
Stealth        | 5 6 |  6.2
Fighting       | |  0.1
Short Blades   | |  1.5
Dodging        | |  2.7
Spellcasting   | |  2.7
Ice Magic      | |  0.8

Action                   |  1- 3 |  4- 6 || total
-------------------------+-------+-------++-------
Melee: Dagger            |   118 |    61 ||   179
       Bite              |     7 |     4 ||    11
 Cast: Corona            |     5 |     1 ||     6
       Ensorcelled Hiber |    25 |    18 ||    43
       Confuse           |       |     5 ||     5
  Use: Potion            |       |     3 ||     3
 Stab: Sleeping          |    18 |    19 ||    37
       Confused          |       |     1 ||     1
Armor: Robe              |    47 |    15 ||    62
Dodge: Dodged            |   103 |    38 ||   141
